 Dungeon Crawl Stone Soup version 0.32-a0-132-g2d33c3cfaf (webtiles) character file.

Game seed: 4213030025418427241

14486502 zewo the Middleweight Champion (level 27, 226/226 HPs)
             Began as an Octopode Fighter on Feb 9, 2024.
             Was an Initiate of Gozag.
             Escaped with the Orb
             ... and 15 runes
             ... and 2 gems on Feb 10, 2024!
             The game lasted 04:40:27 (110845 turns).

zewo the Middleweight Champion (Octopode Fighter) Turns: 110845, Time: 04:40:28

Health: 226/226    AC: 16    Str: 52    XL:     27
Magic:  58/58      EV: 30    Int: 18    God:    Gozag
Gold:   10836      SH: 32    Dex: 10    Spells: 42/59 levels left

rFire   + +          +
                       - Unarmed
rCold   + + +        q - +6 tower shield {reflect}
rNeg    + + +        X - +3 hat of Pondering {ponderous, Will+ MP+10 Int+5}
rPois   ∞            Y - amulet "Udwyaj" {RegenMP Will+}
rElec   +            i - ring "Wisk" {rF+ Str+6}
rCorr   +            O - +4 ring of protection
SInv    +            L - ring "Ipijuj" {rElec EV+5}
Will    +++++        W - ring "Furogg" {*Corrode rC+ Str+5 Int+3}
Stlth   ++++         P - +4 ring of protection
HPRegen 0.57/turn    U - ring of the Octopus King {Fly HP+2 AC+2 EV+2 SH+2}
MPRegen 0.76/turn    u - ring of Jibbum {rPois rC+ rN+ Will+}
                     J - ring "Wuexetse" {*Corrode rF+ Str+6 Slay+2 SInv}

%: corrode self (6%), reflection
@: death-form, flying, studying 3 skills, slow
A: vile attack, torment immunity, no potions, almost no armour, amphibious, 8
rings, camouflage 1, gelatinous body 1, (nimble swimmer 1), tentacles,
iridescent scales 1, (berserk 1), high MP 1, sense surroundings 1, strong 2
0: Orb of Zot
}: 15/15 runes: decaying, serpentine, slimy, silver, golden, iron, obsidian,
icy, bone, abyssal, demonic, glowing, magical, fiery, dark
a: Siphon Essence, Begin Untransformation, Renounce Religion, Potion Petition,
Call Merchant, Bribe Branch


You escaped.
You worshipped Gozag.
Gozag was extremely pleased with you.
You were an undying horror.
You visited 18 branches of the dungeon, and saw 88 of its levels.
You visited Pandemonium 1 time, and saw 8 of its levels.
You visited the Abyss 1 time.
You also visited: Wizlab.

You collected 50012 gold pieces.
You spent 7715 gold pieces at shops.
You paid 31461 gold pieces to Gozag.

Inventory:

Missiles
 f - 2 curare-tipped darts
 o - 8 throwing nets
Armour
 q - a +6 tower shield of reflection (worn)
 X - the +3 hat of Pondering (worn) {ponderous, Will+ MP+10 Int+5}
   (You found it on level 5 of the Lair of Beasts)

   Int+5:     It affects your intelligence (+5).
   Will+:     It increases your willpower.
   MP+10:     It affects your magic capacity (+10).
Jewellery
 a - the ring of the Smoking Gods {rC+ rN+ rCorr Dex+6}
   (You took it off a deep elf pyromancer on level 3 of the Elven Halls)

   [ring of dexterity]

   Dex+6:     It affects your dexterity (+6).
   rC+:       It protects you from cold.
   rN+:       It protects you from negative energy.
   rCorr:     It protects you from acid and corrosion.
 d - the ring of the Albatross {Fire rN+ Dex+7}
   (You bought it in a shop on level 2 of the Orcish Mines)

   [ring of fire]

   Fire:      It enhances your fire magic.
   Dex+7:     It affects your dexterity (+7).
   rF+:       It protects you from fire.
   rC-:       It makes you vulnerable to cold.
   rN+:       It protects you from negative energy.
 i - the ring "Wisk" (left tentacle) {rF+ Str+6}
   (You bought it in a shop on level 3 of the Snake Pit)

   [ring of strength]

   Str+6:     It affects your strength (+6).
   rF+:       It protects you from fire.
 r - the ring of the Catfish {Fly rF+ Dex+2}
   (You took it off a deep elf sorcerer on level 3 of the Elven Halls)

   [ring of flight]

   Dex+2:     It affects your dexterity (+2).
   rF+:       It protects you from fire.
   Fly:       It grants you flight.
 u - the ring of Jibbum (on tentacle) {rPois rC+ rN+ Will+}
   (You found it in Pandemonium)

   [ring of positive energy]

   rC+:       It protects you from cold.
   rPois:     It protects you from poison rN+: It protects you from negative
   energy.
   Will+:     It increases your willpower.
 J - the ring "Wuexetse" (on tentacle) {*Corrode rF+ Str+6 Slay+2 SInv}
   (You found it on level 3 of the Crypt)

   [ring of strength]

   Str+6:     It affects your strength (+6).
   Slay+2:    It affects your accuracy & damage with ranged weapons and melee
   (+2).
   rF+:       It protects you from fire.
   SInv:      It lets you see invisible.
   *Corrode:  It may corrode you when you take damage.
 L - the ring "Ipijuj" (on tentacle) {rElec EV+5}
   (You bought it in a shop on level 2 of the Lair of Beasts)

   [ring of evasion]

   EV+5:      It affects your evasion (+5).
   rElec:     It insulates you from electricity.
 O - a +4 ring of protection (right tentacle)
 P - a +4 ring of protection (on tentacle)
 U - a ring of the Octopus King (on tentacle) {Fly HP+2 AC+2 EV+2 SH+2}
   (You bought it in a shop on level 2 of the Orcish Mines)

   [ring of flight]

   AC+2:      It affects your AC (+2).
   EV+2:      It affects your evasion (+2).
   HP+2:      It affects your health (+2).
   Fly:       It grants you flight.
   SH+2:      It affects your SH (+2).
 V - the ring of the Inviting Gods {Will+ Dex+2}
   (You took it off an ironbound convoker on level 5 of the Vaults)

   [ring of willpower]

   Dex+2:     It affects your dexterity (+2).
   Will+:     It increases your willpower.
 W - the ring "Furogg" (on tentacle) {*Corrode rC+ Str+5 Int+3}
   (You found it on level 7 of Tartarus)

   [ring of protection from cold]

   Str+5:     It affects your strength (+5).
   Int+3:     It affects your intelligence (+3).
   rC+:       It protects you from cold.
   *Corrode:  It may corrode you when you take damage.
 Y - the amulet "Udwyaj" (around mantle) {RegenMP Will+}
   (You found it on level 3 of the Snake Pit)

   [amulet of magic regeneration]

   RegenMP:   It increases your rate of magic regeneration.
   Will+:     It increases your willpower.
Talismans
 n - a granite talisman
 K - the death talisman of Paomp (active) {rF+ rCorr}
   (You found it on level 3 of the Elven Halls)

   [talisman of death]

   rF+:       It protects you from fire.
   rCorr:     It protects you from acid and corrosion.
Wands
 h - a wand of mindburst (30)
 z - a wand of acid (32)
 B - a wand of charming (10)
 D - a wand of iceblast (38)
 E - a wand of flame (22)
 N - a wand of polymorph (47)
 R - a wand of digging (27)
Scrolls
 g - 14 scrolls of teleportation
 s - 9 scrolls of fog
 t - 3 scrolls of summoning
 x - a scroll of silence
 y - 6 scrolls of blinking
 C - 9 scrolls of fear
 M - 10 scrolls of poison
 Q - 7 scrolls of vulnerability
Potions
 b - 7 potions of might
 c - 20 potions of curing
 e - 13 potions of haste
 j - 8 potions of resistance
 k - 12 potions of attraction
 l - 6 potions of magic
 m - 13 potions of brilliance
 p - 3 potions of cancellation
 v - 14 potions of enlightenment
 w - 3 potions of invisibility
 A - 2 potions of berserk rage
 F - 9 potions of lignification
 G - 5 potions of mutation
 H - 3 potions of ambrosia
 Z - 7 potions of heal wounds
Miscellaneous
 I - a phantom mirror
 T - a lightning rod (4/4)


   Skills:
 O Level 27 Fighting
 O Level 27 Dodging
 O Level 27 Stealth
 O Level 27 Shields
 O Level 27 Unarmed Combat
 + Level 16.9 Spellcasting
 - Level 8.0 Necromancy
 + Level 18.9 Translocations
 - Level 5.4 Fire Magic
 - Level 7.0 Air Magic
 - Level 6.0 Earth Magic
 - Level 8.0 Evocations
 - Level 23.0 Shapeshifting


You had 42 spell levels left.
You knew the following spells:

 Your Spells              Type           Power      Damage    Failure   Level
a - Lesser Beckoning      Tloc           100%       N/A       0%          2
b - Blink                 Tloc           100%       N/A       0%          2
c - Manifold Assault      Tloc           70%        N/A       0%          4
d - Fugue of the Fallen   Necr           44%        N/A       1%          3
e - Passwall              Erth           36%        N/A       1%          3
f - Swiftness             Air            40%        N/A       1%          3

Your spell library contained the following spells:

 Spells                   Type           Power      Damage    Failure   Level
 Apportation              Tloc           100%       N/A       0%          1
 Gell's Gravitas          Tloc           70%        N/A       0%          3
 Teleport Other           Tloc           70%        N/A       0%          3
 Kiss of Death            Conj/Necr      100%       2d13      1%          1
 Necrotise                Necr           100%       1d9       1%          1
 Sandblast                Erth           72%        2d16      1%          1
 Shock                    Conj/Air       100%       1d9       1%          1
 Cigotuvi's Dreadful Rot  Necr/Alch/Air  66%        N/A       1%          2
 Mercury Vapours          Alch/Air       54%        N/A       1%          2
 Momentum Strike          Conj/Tloc      98%        3d10      1%          2
 Scorch                   Fire           68%        2d7       1%          2
 Static Discharge         Conj/Air       54%        3-6/arc   1%          2
 Sublimation of Blood     Necr           44%        N/A       1%          2
 Vampiric Draining        Necr           44%        2d9       1%          3
 Volatile Blastmotes      Fire/Tloc      100%       2d18      1%          3
 Dimensional Bullseye     Hex/Tloc       24%        N/A       1%          4
 Dispel Undead            Necr           44%        3d17      1%          4
 Iskenderun's Mystic Bla  Conj/Tloc      49%        2d11      1%          4
 Vhi's Electric Charge    Tloc/Air       100%       N/A       1%          4
 Dispersal                Tloc           35%        N/A       1%          6
 Airstrike                Air            20%        2d(3-19)  2%          4
 Summon Forest            Summ/Tloc      24%        N/A       2%          5
 Inner Flame              Hex/Fire       25%        N/A       3%          3
 Stone Arrow              Conj/Erth      52%        3d10      3%          3
 Freeze                   Ice            60%        1d7       4%          1
 Magic Dart               Conj           60%        1d6       4%          1
 Sting                    Conj/Alch      60%        1d6       4%          1
 Summon Small Mammal      Summ           60%        N/A       4%          1
 Curse of Agony           Necr           44%        N/A       4%          5
 Call Imp                 Summ           30%        N/A       6%          2
 Ensorcelled Hibernation  Hex/Ice        30%        N/A       6%          2
 Jinxbite                 Hex            30%        N/A       6%          2
 Searing Ray              Conj           30%        2d5       6%          2
 Borgnjor's Vile Clutch   Necr/Erth      20%        N/A       6%          5
 Anguish                  Hex/Necr       14%        N/A       8%          4
 Martyr's Knell           Necr/Summ      29%        N/A       8%          4
 Summon Lightning Spire   Summ/Air       27%        N/A       10%         4
 Lee's Rapid Deconstruct  Erth           18%        3d11*     10%         5
 Disjunction              Tloc           35%        N/A       11%         8
 Call Canine Familiar     Summ           15%        N/A       12%         3
 Confusing Touch          Hex            15%        N/A       12%         3
 Dazzling Flash           Conj/Hex       30%        N/A       12%         3
 Frozen Ramparts          Ice            30%        1d5       12%         3
 Hailstorm                Conj/Ice       15%        3d6       12%         3
 Ozocubu's Armour         Ice            15%        N/A       12%         3
 Summon Ice Beast         Ice/Summ       15%        N/A       12%         3
 Tukima's Dance           Hex            15%        N/A       12%         3
 Brom's Barrelling Bould  Conj/Erth      26%        2d5       12%         4
 Leda's Liquefaction      Alch/Erth      13%        N/A       12%         4
 Petrify                  Alch/Erth      26%        N/A       12%         4
 Flame Wave               Conj/Fire      25%        2d8       13%         4
 Ignite Poison            Fire/Alch      25%        N/A       13%         4
 Sticky Flame             Fire/Alch      25%        2d6       13%         4
 Summon Blazeheart Golem  Fire/Summ      25%        N/A       13%         4
 Death Channel            Necr           22%        N/A       22%         6
 Silence                  Hex/Air        13%        N/A       26%         5
 Fireball                 Conj/Fire      12%        3d7       34%         5
 Fulminant Prism          Conj/Alch      7%         3d7       36%         4
 Olgreb's Toxic Radiance  Alch           15%        N/A       36%         4
 Freezing Cloud           Conj/Ice/Air   11%        6-21      38%         5
 Malign Gateway           Summ/Tloc      24%        N/A       56%         7
 Alistair's Intoxication  Alch           10%        N/A       73%         5
 Irradiate                Conj/Alch      7%         3d14      73%         5
 Iskenderun's Battlesphe  Conj           15%        2d7       73%         5
 Metabolic Englaciation   Hex/Ice        7%         N/A       73%         5
 Summon Mana Viper        Hex/Summ       15%        N/A       73%         5
 Yara's Violent Unravell  Hex/Alch       7%         3d5       73%         5
 Conjure Ball Lightning   Conj/Air       13%        3x3d6     82%         6
 Bombard                  Conj/Erth      13%        9d3       87%         6
 Starburst                Conj/Fire      12%        6d5       89%         6
 Eringya's Noxious Bog    Alch           7%         4d6       99%         6
 Sculpt Simulacrum        Ice/Alch       7%         N/A       99%         6
 Summon Cactus Giant      Summ           7%         N/A       99%         6
 Enfeeble                 Hex            7%         N/A       100%        7
 Haunt                    Necr/Summ      14%        N/A       100%        7
 Monstrous Menagerie      Summ           7%         N/A       100%        7
 Orb of Destruction       Conj           7%         9d6       100%        7
 Ozocubu's Refrigeration  Ice            7%         4d9       100%        7
 Summon Hydra             Summ           7%         N/A       100%        7
 Borgnjor's Revivificati  Necr           22%        N/A       100%        8
 Ignition                 Fire           17%        3d7       100%        8
 Infestation              Necr           22%        N/A       100%        8
 Lehudib's Crystal Spear  Conj/Erth      13%        10d4      100%        8
 Maxwell's Capacitive Co  Air            20%        ∞         100%        8
 Summon Horrible Things   Summ           7%         N/A       100%        8
 Chain Lightning          Conj/Air       13%        3d18      100%        9
 Death's Door             Necr           22%        N/A       100%        9
 Fire Storm               Conj/Fire      12%        8d3       100%        9
 Polar Vortex             Ice            7%         12d1*     100%        9
 Animate Dead             Necr           Unusable   N/A       N/A         4
 Animate Armour           Summ/Erth      Unusable   N/A       N/A         4

Dungeon Overview and Level Annotations

Branches:
Dungeon (15/15)            Temple (1/1) D:6            Lair (5/5) D:9
  Swamp (4/4) Lair:3        Snake (4/4) Lair:2        Slime (5/5) Lair:4
    Orc (2/2) D:10            Elf (3/3) Orc:2        Vaults (5/5) D:13
  Crypt (3/3) Vaults:2       Tomb (3/3) Crypt:3      Depths (4/4) D:15
   Hell (visited)             Dis (7/7) Hell            Geh (7/7) Hell
    Coc (7/7) Hell            Tar (7/7) Hell            Zot (5/5) Depths:4
 WizLab (visited)

Altars:
Ashenzari
Cheibriados
Dithmenos
Elyvilon
Fedhas
Gozag
Hepliaklqana
Kikubaaqudgha
Makhleb
Nemelex Xobeh
Okawaru
Qazlal
Ru
Sif Muna
Trog
Uskayaw
Vehumet
Wu Jian
Xom
Yredelemnul
Zin
The Shining One
Jiyva

Shops:
D:5 :   D:12 ?   Orc:2 ==*(*   Elf:1 [   Lair:2 =   Lair:4 **=   Snake:2 ([[?
Snake:3 !:*=:=   Vaults:4 (

Portals:
Hell: Depths:1 Depths:2 Depths:3 Depths:4
Abyss: Depths:2 Depths:3 Depths:4
Pandemonium: Orc:2 Depths:2 Depths:3
Ziggurat: Depths:2

Annotations:
Lair:1 3 runed translucent doors, Erica; Juni's ghost, journeyman MiGl; draino's ghost, journeyman FeSh; minhee2137's ghost, novice MiBe; pigah's ghost, journeyman OnCA
Swamp:1 Mlioglotl
Depths:2 2 transporters


Innate Abilities, Weirdness & Mutations

You are an undying horror.
Your melee and unarmed attacks drain, slow and weaken victims.
You are immune to unholy pain and torment.
You cannot drink.
You are immune to poison.
You cannot wear most types of armour.
You are amphibious.
You can wear up to eight rings at the same time.
Your skin changes colour to match your surroundings (Stealth+).
Your rubbery body absorbs attacks. (AC +1, EV +1)
((You are camouflaged when in or above water. (Stealth+)))
You have tentacles for arms and can constrict up to eight enemies at once.
You are partially covered in iridescent scales. (AC +2)
((You sometimes lose your temper in combat.))
You have an increased reservoir of magic. (+10% MP)
You passively map a small area around you.
Your muscles are very strong. (Str +8, Int/Dex -2)


Message History

What level of the Dungeon? (default 1, ? - help)
You now have 10836 gold pieces (gained 3).
Things that are here:
a +2 long sword of flaming; a +0 shortbow; a +0 robe
There is a stone staircase leading up, spattered with blood here.
You fly upwards.
There is a stone staircase leading down here.
There is an open door here.
There is an open door here.
There is a fountain of clear blue water here.
There is an open door here.
There is an open door here.
There is an open door here.
There is a stone staircase leading up here.
You fly upwards.
There is a stone staircase leading down here.
There is a stone staircase leading up here.
You fly upwards.
There is a stone staircase leading down here.
You see here a +0 dagger.
There is a stone staircase leading up, spattered with blood here.
You fly upwards.
There is a stone staircase leading down here.
Things that are here:
a +0 club; a goblin skeleton
There is a stone staircase leading up here.
You fly upwards.
There is a stone staircase leading down here.
An ice devil comes into view.
Aiming: Thunderbolt
Press: ? - help, Shift-Dir - straight line, f - you
Okay, then.
Unknown command.
Aiming: Dig
Press: ? - help, Shift-Dir - straight line A rock wall.
This square is covered in magical glow.
The rock shatters into small pieces.
There is a staircase leading out of the dungeon here.
You have escaped!

................#.....#.# #..###
##########.##.####....#.####.....
.....)..................#........
#....#####.....####.#............
###...................#...##.#...
...........##########............
#.........## ####.........
#.....##### ###########.##......
#.....# #P#z..4...........##
#.....# * #.#########.#......
####### #P#.#P# #.##..).# .#
####.# * #.##.##.. .# ####.#P#
#.##.#### .# #P#.#### #.##.....
.# #.## #......## .# *#P#.##
#.####.## .# ####.#### #.####+#.


You could see an ice devil.

Vanquished Creatures
  Cerebov (Pan)
  Asmodeus (Geh:7)
  Antaeus (Coc:7)
  the Royal Jelly (Slime:5)
  Ereshkigal (Tar:7)
  Mnoleg (Pan)
  Gloorx Vloq (Pan)
  Lom Lobon (Pan)
  the Serpent of Hell (Geh:7)
  2 pandemonium lords (Pan)
  Frederick (Vaults:4)
  5 dread liches
  Mennas (Pan)
  4 ancient liches
  Dispater (Dis:7)
  3 juggernauts
  9 orbs of fire
  31 royal mummies
  Sojobo (Depths:1)
  Xtahua (Vaults:4)
  Bai Suzhen (Swamp:4)
  4 Killer Klowns
  2 curse toes
  25 shard shrikes
  8 caustic shrikes
  Saint Roka (Depths:2)
  14 golden dragons
  Norris (Vaults:1)
  Geryon (Hell)
  14 bone dragons
  11 profane servitors
  7 Brimstone Fiends
  Jory (Vaults:4)
  10 hellephants
  8 doom hounds
  2 electric golems (Zot:5)
  2 shard shrike zombies
  17 Tzitzimimeh
  29 Ice Fiends
  Zenata (Vaults:4)
  Jorgrun (Elf:1)
  15 iron giants
  A walking earthen tome (Depths:1)
  16 tentacled monstrosities
  31 Hell Sentinels
  10 liches
  Asterion (Depths:2)
  18 tainted leviathans
  26 Orb Guardians
  A walking crystal tome (Depths:1)
  A deep elf blademaster (Elf:3)
  19 searing wretches
  Murray (Hell)
  15 quicksilver dragons
  4 deep elf master archers (Elf:3)
  13 titans
  15 sphinxes
  15 acid blobs
  An eldritch tentacle (Pan)
  17 Executioners
  41 ancient champions
  A thorn hunter (Swamp:4)
  15 tentacled starspawn
  6 death cobs
  7 tengu reavers
  6 fenstrider witches
  7 draconian monks
  Aizul (Snake:2)
  7 demonspawn warmongers (Pan)
  7 revenants
  19 shadow dragons
  A daeva (Abyss:1)
  4 nagarajas
  16 protean progenitors
  10 storm dragons
  10 azure jellies
  9 draconian knights
  6 rockslimes
  8 iron dragons
  10 narguns
  21 vault wardens
  20 fire giants
  8 draconian scorchers
  13 draconian shifters
  9 deep elf sorcerers
  31 balrugs
  15 frost giants
  12 quicksilver elementals
  4 deep elf elementalists
  12 ghouls
  5 curse skulls
  6 orc warlords
  4 spectral caustic shrikes
  6 shard shrike simulacra
  25 cacodemons
  16 reapers
  An angel (Abyss:3)
  A caustic shrike zombie (Tomb:2)
  5 demonspawn corrupters (Pan)
  7 ghost moths
  5 juggernaut skeletons
  4 draconian stormcallers
  A juggernaut zombie (Crypt:1)
  18 ironbound preservers
  11 vampire knights
  4 caustic shrike skeletons (Pan)
  11 quicksilver oozes
  12 stone giants
  11 draconian annihilators
  22 very ugly things
  5 demonspawn blood saints (Pan)
  6 ironbound thunderhulks
  13 black draconians
  7 formless jellyfish
  4 demonspawn black suns (Pan)
  16 putrid mouths
  12 green draconians
  13 yellow draconians
  17 deep elf demonologists
  42 war gargoyles
  9 spark wasps
  4 eleionomae
  A spectral titan (Tar:1)
  19 elemental wellsprings
  16 red draconians
  12 white draconians
  2 bennus (Tomb:3)
  8 lorocyprocas
  22 purple draconians
  14 deep elf death magi
  9 bunyips
  11 deep elf annihilators
  6 dire elephants
  16 wendigos
  10 green deaths
  7 statues (WizLab)
  7 eidola
  A spectral iron giant (Tar:5)
  24 mummy priests
  2 spectral quicksilver dragons
  13 fire dragons
  19 yaktaur captains
  4 crystal guardians (Dis:6)
  6 blizzard demons
  20 jiangshi
  3 quicksilver dragon zombies
  41 iron golems
  11 deep elf high priests
  2 entropy weavers
  17 ettins
  Josephine (Orc:2)
  14 great orbs of eyes
  5 spriggan zombies
  7 ice dragons
  2 spectral spriggans
  42 vault guards
  3 juggernaut simulacra
  18 caustic shrike simulacra
  2 demonspawn (Orc:2)
  3 radroaches
  3 peacekeepers
  3 hell beasts
  6 rakshasas
  5 ogre magi
  11 ironbound frosthearts
  A fenstrider witch skeleton (Tomb:2)
  3 ghost crabs
  A catoblepas (Lair:5)
  6 hydras
  3 jorogumos (Pan)
  A merfolk aquamancer (Pan)
  7 spriggan air magi
  6 centaur warriors
  9 anacondas
  3 death knights
  17 salamander tyrants
  4 spriggan skeletons
  8 alligators
  11 stokers
  11 boulder beetles
  5 death yaks
  13 naga warriors
  5 deep troll earth magi
  6 deep troll shamans
  A sphinx skeleton (Vaults:1)
  27 dancing weapons
  2 titan zombies
  3 tengu warriors
  3 two-headed ogres
  A demonic crawler (Pan)
  A spectral stone giant (Tar:1)
  3 shock serpents
  9 vampire magi
  138 death scarabs
  5 thrashing horrors
  7 spriggan berserkers
  37 hell hogs
  14 naga sharpshooters
  A spectral dire elephant (Tar:1)
  19 deep elf knights
  3 occultists
  12 soul eaters
  11 wretched stars
  24 hell knights
  A shock serpent (shapeshifter) (Vaults:5)
  8 orc high priests
  45 sun demons
  A titan skeleton (Hell)
  24 shadow wraiths
  An emperor scorpion zombie (Crypt:1)
  A hellephant skeleton (Pan)
  22 crystal echidnas
  A spectral anaconda (Tar:1)
  A skyshark (shapeshifter) (D:15)
  32 skeletal warriors
  2 death drakes
  5 iron trolls
  A bunyip zombie (Crypt:3)
  5 goliath frogs
  4 salamander mystics
  21 shadow demons
  2 spatial maelstroms
  7 spriggan druids
  A sea snake (shapeshifter) (Vaults:5)
  8 skysharks
  2 spectral iron dragons (Tar:3)
  31 sixfirhies
  6 bog bodies
  8 mana vipers
  9 glowing orange brains
  A cherub (D:6)
  4 quicksilver dragon simulacra
  5 naga ritualists
  5 orange crystal statues
  17 deep elf archers
  6 flayed ghosts
  3 swamp dragons
  2 lindwurms (Vaults:1)
  3 spriggan simulacra
  3 alligator zombies (Hell)
  56 deep trolls
  8 arcanists
  4 anaconda skeletons
  3 harpies (Vaults:3)
  68 starcursed masses
  20 ironbound convokers
  37 deep elf pyromancers
  10 necromancers
  3 bunyip skeletons
  6 sun moths (Pan)
  A death drake (shapeshifter) (Vaults:5)
  32 deep elf zephyrmancers
  A fenstrider witch simulacrum (Coc:1)
  14 orc knights
  6 shining eyes
  21 phantasmal warriors
  42 ugly things
  A stone giant zombie (Crypt:1)
  11 orc sorcerers
  2 wolf spiders (Zot:4)
  2 manticores (shapeshifter)
  3 fauns (Pan)
  4 salamanders
  A spectral fire dragon (Tar:1)
  A faun (shapeshifter) (Elf:3)
  8 will-o-the-wisps
  7 worldbinders
  A shadow dragon skeleton (Hell)
  3 manticores
  2 spectral alligator snapping turtles
  Maurice (Orc:1)
  3 cyclopes
  3 kobold blastminers
  An elephant (Lair:2)
  A centaur zombie (Hell)
  5 rust devils
  28 moths of wrath
  An apocalypse crab (Abyss:1)
  18 vault sentinels
  A black mamba (shapeshifter) (Vaults:5)
  4 guardian serpents
  An eye of devastation (shapeshifter) (Vaults:5)
  A fire giant skeleton (Vaults:1)
  7 eyes of devastation
  8 molten gargoyles (Geh:7)
  An ice statue (Hell)
  9 naga magi
  17 orange demons
  26 black mambas
  A frost giant skeleton (Crypt:2)
  10 titan simulacra
  16 cane toads
  5 gargoyles
  A torpor snail (Lair:5)
  20 smoke demons
  A dire elephant skeleton (Crypt:3)
  11 unseen horrors
  43 large abominations
  23 hellions
  6 efreet
  4 centaur skeletons
  A komodo dragon (shapeshifter) (Vaults:5)
  5 rime drakes
  A golden dragon simulacrum (Coc:4)
  A purple draconian skeleton (Crypt:3)
  A sea snake zombie (Hell)
  An alligator snapping turtle skeleton (Crypt:1)
  8 ancient zymes
  41 yaktaurs
  A minotaur skeleton (Crypt:2)
  11 komodo dragons
  14 freezing wraiths
  7 ice devils (Hell)
  A green draconian skeleton (Crypt:2)
  3 red devils
  22 tormentors
  52 guardian mummies
  2 spectral nagas
  2 spectral harpies
  3 bunyip simulacra (Coc:2)
  17 tengu conjurers
  2 harpy zombies
  A catoblepas skeleton (Crypt:3)
  5 iron giant simulacra
  2 trolls
  5 anaconda simulacra
  A sea snake skeleton (Crypt:2)
  A hydra zombie (Abyss:4)
  3 silent spectres
  A bloated husk (Swamp:4)
  9 polar bears
  A tarantella (Vaults:5)
  7 tyrant leeches
  14 hornets
  18 hellwings
  A harpy skeleton (Tomb:1)
  3 iron dragon simulacra
  40 raiju
  A hornet (shapeshifter) (Abyss:4)
  15 dream sheep (Lair:5)
  17 blink frogs
  3 hydra skeletons
  4 glass eyes
  A radroach zombie (Crypt:3)
  2 centaur simulacra
  A stone giant simulacrum (Coc:2)
  60 slime creatures
  A slime creature (shapeshifter) (Vaults:5)
  24 spriggans
  An ettin skeleton (Crypt:1)
  3 air elementals
  7 wyverns
  A black mamba zombie (Tomb:2)
  17 wraiths
  17 ynoxinuls
  34 yaks
  A culicivora (shapeshifter) (Abyss:1)
  4 shadows
  5 vampires
  A culicivora (Vaults:2)
  3 water elementals (Hell)
  9 dire elephant simulacra
  2 naga simulacra
  2 basilisks (shapeshifter)
  A black mamba skeleton (Abyss:1)
  4 fire elementals
  12 ushabtiu
  6 basilisks
  24 neqoxecs
  2 wargs (Orc:1)
  2 alligator snapping turtle simulacra (Coc:2)
  14 golden eyes
  2 redbacks (shapeshifter)
  A human (shapeshifter) (D:12)
  3 humans (D:13)
  A steam dragon (D:7)
  11 vampire mosquitoes
  22 chaos spawn
  2 spatial vortices
  12 harpy simulacra
  48 nagas
  10 swamp worms
  A deep troll zombie (Crypt:3)
  An acid dragon (D:8)
  18 water moccasins
  9 hydra simulacra
  A swamp worm (shapeshifter) (Vaults:5)
  3 naga skeletons
  A hornet zombie (Crypt:2)
  A hell hound (Abyss:1)
  42 orc warriors
  3 swamp drakes (Swamp:2)
  11 black bears
  4 ice beasts
  A black mamba simulacrum (Crypt:2)
  A black bear (shapeshifter) (D:15)
  14 wolves
  6 ettin simulacra
  A sky beast (D:8)
  6 ogres
  34 laughing skulls
  9 boggarts
  8 centaurs
  2 swamp dragon skeletons
  2 elephant skeletons
  2 snapping turtle skeletons
  2 lindwurm skeletons
  2 phantoms
  A weeping skull (Abyss:1)
  8 brain worms
  4 earth elementals
  11 kobold brigands
  6 bullfrogs
  4 necrophages
  2 gnoll sergeants
  9 scorpions
  32 small abominations
  5 wights (D:7)
  18 killer bees
  An orc simulacrum (Vaults:1)
  3 howler monkeys
  An electric eel (Lair:1)
  8 quasits
  2 bombardier beetles (D:5)
  A gnoll bouda (D:8)
  A human zombie (Crypt:1)
  26 orc priests
  3 hounds
  A jelly (D:6)
  An iron imp (Abyss:1)
  2 human skeletons (Crypt:1)
  5 iguanas
  17 orc wizards
  A killer bee zombie (Crypt:3)
  A naga zombie (Crypt:1)
  A boggart simulacrum (D:12)
  62 mummies
  14 adders
  16 gnolls
  A swamp drake zombie (Crypt:2)
  A steam dragon skeleton (Crypt:3)
  4 shadow imps
  5 white imps
  15 ufetubi
  A lava snake zombie (Crypt:3)
  3 ribbon worms
  94 orcs
  8 endoplasms
  4 giant cockroaches
  5 hobgoblins
  6 jackals
  3 quokkas
  6 ball pythons
  A ball python skeleton (Crypt:3)
  11 bats
  2 frilled lizards
  5 goblins
  16 kobolds
  2 quokka zombies
  9 rats
  8 aspiring fleshes
  4 creeping infernos
  11 fire vortices
  2 lurking horrors (Abyss:3)
  11 starspawn tentacles
4360 creatures vanquished.

Vanquished Creatures (collateral kills)
  An orc warrior (Orc:2)
  2 orcs (Orc:2)
3 creatures vanquished.

Vanquished Creatures (others)
  A titan (Coc:5)
  An eleionoma (Swamp:4)
  2 green deaths (Pan)
  A hydra (Swamp:4)
  2 caustic shrike simulacra
  A juggernaut simulacrum (Coc:7)
  An ogre mage (Vaults:2)
  A dancing weapon (Elf:2)
  2 deep elf knights
  A sixfirhy (Pan)
  A glowing orange brain (Pan)
  3 spriggan simulacra
  A deep elf pyromancer (Elf:3)
  A large abomination (Pan)
  2 titan simulacra
  A bunyip simulacrum (Coc:1)
  2 bloated husks (Swamp:1)
  A hellwing (Pan)
  A shadow dragon simulacrum (Coc:1)
  An iron dragon simulacrum (Coc:7)
  A dire elephant simulacrum (Coc:7)
  An ushabti (Tomb:1)
  A human (D:13)
  3 harpy simulacra (Coc:7)
  A naga (Snake:4)
  An ettin simulacrum (Coc:3)
  A mummy (Tomb:2)
  A white imp (Abyss:3)
  5 ball lightnings (Pan)
  A creeping inferno (Geh:7)
  16 foxfires
  A lurking horror (Abyss:1)
  11 starspawn tentacles
71 creatures vanquished.

Grand Total: 4434 creatures vanquished

Notes
Turn   | Place    | Note
-------+----------+-------------------------------------------
     0 | D:1      | zewo the Octopode Fighter began the quest for the Orb.
     0 | D:1      | Reached XP level 1. HP: 16/16 MP: 1/1
   221 | D:1      | Reached XP level 2. HP: 19/21 MP: 2/2
   488 | D:1      | Found a faded altar of an unknown god.
   488 | D:1      | Noticed a crimson imp
   785 | D:2      | Reached XP level 3. HP: 26/26 MP: 3/3
   876 | D:2      | Found a bloodstained altar of Trog.
  1066 | D:2      | Reached XP level 4. HP: 29/33 MP: 4/4
  1208 | D:2      | Reached XP level 5. HP: 17/37 MP: 5/5
  1991 | D:3      | Got the Compilation of Molten Excavation
  2191 | D:3      | Noticed a phantom
  2203 | D:3      | Killed a phantom
  2204 | D:3      | Reached skill level 5 in Unarmed Combat
  2204 | D:3      | Reached XP level 6. HP: 30/43 MP: 6/6
  3647 | D:4      | Reached XP level 7. HP: 44/48 MP: 7/7
  3975 | D:5      | Entered Level 5 of the Dungeon
  4402 | D:5      | Reached XP level 8. HP: 50/54 MP: 8/8
  4487 | D:5      | Found Difilim's Book Emporium.
  5500 | D:6      | Found a staircase to the Ecumenical Temple.
  5509 | Temple   | Entered the Ecumenical Temple
  5518 | Temple   | Became a worshipper of Gozag Ym Sagoz the Greedy
  5891 | D:6      | Reached skill level 10 in Unarmed Combat
  6616 | D:6      | Found a hide-covered altar of Uskayaw.
  6646 | D:6      | Found a sacrificial altar of Ru.
  6711 | D:6      | Reached XP level 9. HP: 21/59 MP: 3/9
  8134 | D:7      | Reached skill level 5 in Fighting
  8274 | D:7      | Found the +11 Singing Sword {sonic wave}
  8694 | D:8      | Reached XP level 10. HP: 44/66 MP: 6/10
  8790 | D:8      | Noticed a two-headed ogre
  8802 | D:8      | Killed a two-headed ogre
 10209 | D:9      | Noticed a deep elf pyromancer
 10569 | D:9      | Identified the +4 dagger "Jesidauk" {heavy, ^Drain rPois
                  | Will+++ Dex-3}
 10929 | D:9      | Found a staircase to the Lair.
 11408 | D:9      | Noticed a centaur warrior
 11419 | D:9      | Killed a centaur warrior
 11480 | D:9      | Reached XP level 11. HP: 59/76 MP: 7/11
 11694 | D:9      | Found an ancient bone altar of Kikubaaqudgha.
 11703 | D:9      | Killed a deep elf pyromancer
 11704 | D:9      | Reached skill level 15 in Unarmed Combat
 11920 | D:10     | Entered Level 10 of the Dungeon
 12800 | D:10     | Found a staircase to the Orcish Mines.
 14107 | D:11     | Noticed a boulder beetle
 14166 | D:11     | Noticed a two-headed ogre
 14173 | D:11     | Killed a two-headed ogre
 14423 | Lair:1   | Entered Level 1 of the Lair of Beasts
 14597 | Lair:1   | Got the Monograph on the Galvanic Blizzard
 14643 | Lair:1   | Reached skill level 10 in Fighting
 15116 | Lair:1   | Reached XP level 12. HP: 74/87 MP: 10/12
 15940 | Lair:1   | Found a runed translucent gate.
 15940 | Lair:1   | Found a runed translucent gate.
 15940 | Lair:1   | Found a runed translucent gate.
 15941 | Lair:1   | Noticed pigah's ghost (journeyman OnCA)
 15941 | Lair:1   | Noticed minhee2137's ghost (novice MiBe)
 15941 | Lair:1   | Noticed draino's ghost (journeyman FeSh)
 15945 | Lair:1   | Noticed Erica
 15950 | Lair:1   | Noticed Juni's ghost (journeyman MiGl)
 17611 | Lair:2   | Found a staircase to the Snake Pit.
 18139 | Lair:2   | Bought a +4 ring of protection for 504 gold pieces
 18139 | Lair:2   | Bought the ring "Ipijuj" {rElec EV+5} for 700 gold pieces
 18434 | Lair:3   | Found a staircase to the Swamp.
 19019 | Lair:3   | Reached XP level 13. HP: 69/98 MP: 7/13
 19392 | Lair:4   | Found a staircase to the Slime Pits.
 20858 | Lair:5   | Entered Level 5 of the Lair of Beasts
 22559 | Lair:5   | Found the +3 hat of Pondering {ponderous, Will+ MP+10
                  | Int+5}
 22597 | Lair:5   | Reached XP level 14. HP: 56/108 MP: 4/14
 23187 | Lair:5   | Identified the +9 falchion of Moderation {drain, rN+ rCorr}
 24015 | Lair:5   | Reached skill level 15 in Fighting
 28241 | D:12     | Got Pumuutyb's Second Course in Witchery
 28561 | D:12     | Found Qaniog's Magic Scroll Shoppe.
 28564 | D:12     | Bought a scroll of teleportation for 36 gold pieces
 28564 | D:12     | Bought a scroll of enchant armour for 90 gold pieces
 28564 | D:12     | Bought a scroll of enchant armour for 90 gold pieces
 28877 | D:13     | Found the +6 shillelagh "Devastator" {shatter}
 29690 | D:13     | Reached XP level 15. HP: 99/118 MP: 12/15
 30138 | D:13     | Found a gate to the Vaults.
 30481 | D:14     | Identified the staff of the Everdark {Tloc Ice Earth}
 31245 | D:15     | Entered Level 15 of the Dungeon
 32986 | Orc:1    | Entered Level 1 of the Orcish Mines
 33305 | Orc:2    | Entered Level 2 of the Orcish Mines
 33305 | Orc:2    | Noticed Josephine
 33310 | Orc:2    | Noticed an orc warlord
 33402 | Orc:2    | Noticed Maurice
 33608 | Orc:2    | Killed Josephine
 33614 | Orc:1    | Something stole a lightning rod (4/4)
 33616 | Orc:1    | Something stole 4 curare-tipped darts
 33617 | Orc:1    | Something stole 421 gold
 33620 | Orc:1    | Something stole 179 gold
 33629 | Orc:1    | Maurice stole 632 gold
 33629 | Orc:1    | Maurice stole 802 gold
 33631 | Orc:1    | Killed Maurice
 33806 | Orc:2    | Found Upuk's Jewellery Boutique.
 33841 | Orc:2    | Killed an orc warlord
 33990 | Orc:2    | Bought a ring of the Octopus King {Fly HP+2 AC+2 EV+2 SH+2}
                  | for 862 gold pieces
 33990 | Orc:2    | Found the ring of the Octopus King {Fly HP+2 AC+2 EV+2
                  | SH+2}
 34031 | Orc:2    | Found Fumumecs's General Store.
 34052 | Orc:2    | Found Iqotosit's General Store.
 34217 | Orc:2    | Reached skill level 5 in Dodging
 34271 | Orc:2    | Reached skill level 5 in Shields
 34476 | Orc:2    | Bought a scroll of teleportation for 39 gold pieces
 34478 | Orc:2    | Bought a potion of might for 52 gold pieces
 34478 | Orc:2    | Bought a potion of curing for 39 gold pieces
 34641 | Orc:2    | Reached skill level 1 in Stealth
 34641 | Orc:2    | Reached skill level 1 in Evocations
 34764 | Orc:2    | Reached XP level 16. HP: 126/128 MP: 16/16
 34773 | Orc:2    | Found Lubuh's Antique Weapon Boutique.
 34773 | Orc:2    | Found Yfore's Jewellery Shop.
 34774 | Orc:2    | Found a one-way gate leading to the halls of Pandemonium.
 34829 | Orc:2    | Bought a ring of poison resistance for 320 gold pieces
 34884 | Orc:2    | Bought a +4 ring of protection for 576 gold pieces
 34884 | Orc:2    | Bought a +6 ring of strength for 576 gold pieces
 35021 | Orc:2    | Gained mutation: Your body sometimes deteriorates upon
                  | taking damage. [a neqoxec]
 35355 | Orc:2    | Reached skill level 5 in Stealth
 35474 | Orc:2    | Found a staircase to the Elven Halls.
 36058 | Snake:1  | Entered Level 1 of the Snake Pit
 36214 | Snake:1  | Reached skill level 5 in Evocations
 37719 | Snake:2  | Found Syqayz's Antique Armour Emporium.
 37721 | Snake:2  | Found Loiredar's Magic Scroll Shoppe.
 37721 | Snake:2  | Found Fualusch's Antique Weapon Emporium.
 37724 | Snake:2  | Found Luaguef's Armour Shoppe.
 37738 | Snake:2  | Bought a scroll of blinking for 90 gold pieces
 38643 | Snake:2  | Identified the serpent talisman "Juipetix" {*Slow rF+ rN++
                  | rCorr}
 38643 | Snake:2  | Noticed Aizul
 38660 | Snake:2  | Killed Aizul
 39345 | Snake:3  | Found Pellutu's Book Boutique.
 39476 | Snake:3  | Identified the amulet "Udwyaj" {RegenMP Will+}
 39534 | Snake:3  | Noticed a nagaraja
 39562 | Snake:3  | Killed a nagaraja
 40037 | Snake:3  | Found Elocoduc's Distillery.
 40055 | Snake:3  | Bought a potion of curing for 42 gold pieces
 40055 | Snake:3  | Bought a potion of curing for 42 gold pieces
 40055 | Snake:3  | Bought a potion of lignification for 42 gold pieces
 40096 | Snake:3  | Found Igaunur's Assorted Antiques.
 40115 | Snake:3  | Reached XP level 17. HP: 118/134 MP: 6/17
 40314 | Snake:3  | Found Xoostyujewk's Jewellery Shop.
 40315 | Snake:3  | Found Wahep's Book Shoppe.
 40317 | Snake:3  | Found Miqeogoa's Jewellery Shop.
 40323 | Snake:3  | Bought the ring "Wisk" {rF+ Str+6} for 700 gold pieces
 40323 | Snake:3  | Bought a granite talisman for 840 gold pieces
 40582 | Snake:4  | Entered Level 4 of the Snake Pit
 40703 | Snake:4  | Reached skill level 1 in Shapeshifting
 42237 | Snake:3  | Reached skill level 5 in Shapeshifting
 43959 | Snake:4  | Got a serpentine rune of Zot
 44156 | Swamp:1  | Entered Level 1 of the Swamp
 44438 | Swamp:1  | Noticed Mlioglotl
 46612 | Swamp:3  | Noticed Bai Suzhen
 46704 | Swamp:3  | Reached skill level 10 in Shapeshifting
 47019 | Swamp:4  | Entered Level 4 of the Swamp
 47031 | Swamp:4  | Reached XP level 18. HP: 114/141 MP: 18/18
 47903 | Swamp:4  | Noticed a tentacled monstrosity
 47920 | Swamp:4  | Killed a tentacled monstrosity
 48242 | Swamp:4  | Paralysed by a fenstrider witch for 5 turns
 48695 | Swamp:4  | Killed Bai Suzhen
 48708 | Swamp:4  | HP: 2/143 [soul eater (18)]
 49396 | Swamp:4  | Got a decaying rune of Zot
 49714 | Vaults:1 | Entered Level 1 of the Vaults
 49765 | Vaults:1 | Noticed Norris
 49776 | Vaults:1 | Killed Norris
 50031 | Orc:2    | Bought a ring of willpower for 400 gold pieces
 50759 | Vaults:1 | Reached XP level 19. HP: 146/146 MP: 19/19
 51589 | Vaults:1 | Identified the +4 arbalest "Zalog" {penet, rElec SInv}
 52229 | Vaults:2 | Reached skill level 10 in Shields
 52233 | Vaults:2 | Reached skill level 10 in Dodging
 52514 | Vaults:2 | Found a staircase to the Crypt.
 52572 | Vaults:2 | Identified a scroll of acquirement
 52582 | Vaults:2 | Acquired a manual of Fighting
 52968 | Vaults:2 | Reached skill level 15 in Shapeshifting
 52988 | Vaults:2 | Reached XP level 20. HP: 154/154 MP: 20/20
 54014 | Vaults:3 | Identified the +6 quarterstaff of Spite {pain, Int+3 Dex+3}
 54786 | Vaults:3 | Identified the +4 orcbow "Dauski" {drain, Int+3}
 55423 | Vaults:4 | Identified the orb of Rycoasto {*channel, rN+ Will+ Dex+3}
 55423 | Vaults:4 | Noticed Frederick
 55435 | Vaults:4 | Killed Frederick
 55592 | Vaults:4 | Noticed Jory
 55602 | Vaults:4 | Killed Jory
 55829 | Vaults:4 | Noticed Zenata
 55841 | Vaults:4 | Killed Zenata
 55998 | Vaults:4 | Noticed Xtahua
 56002 | Vaults:4 | Killed Xtahua
 56120 | Vaults:4 | Found Pajus's Weapon Shoppe.
 56192 | Vaults:4 | Identified the scarf "Bywkeh" {rC+ rF+, *Slow rPois Str+3
                  | Int+4}
 56232 | Vaults:4 | Reached XP level 21. HP: 164/164 MP: 21/21
 56882 | Elf:1    | Entered Level 1 of the Elven Halls
 58030 | Elf:1    | Noticed Jorgrun
 58037 | Elf:1    | Killed Jorgrun
 58099 | Elf:1    | Found Etihipn's Antique Armour Emporium.
 58777 | Snake:3  | Bought a book of Battle for 442 gold pieces
 58777 | Snake:3  | Bought a book of Minor Magic for 272 gold pieces
 58780 | Snake:3  | Learned a level 2 spell: Lesser Beckoning
 58783 | Snake:3  | Learned a level 2 spell: Blink
 58788 | Snake:3  | Learned a level 4 spell: Manifold Assault
 59228 | Elf:1    | Reached skill level 1 in Translocations
 59296 | Elf:1    | Reached skill level 1 in Spellcasting
 59882 | Elf:2    | Found a runed translucent gate.
 59883 | Elf:2    | Found a runed translucent gate.
 59883 | Elf:2    | Found a runed translucent gate.
 60567 | Elf:3    | Entered Level 3 of the Elven Halls
 60818 | Elf:3    | Reached skill level 5 in Translocations
 60865 | Elf:3    | Reached XP level 22. HP: 171/171 MP: 28/28
 60974 | Elf:3    | Acquired 838 gold pieces
 61073 | Elf:3    | Reached skill level 5 in Spellcasting
 61185 | Elf:3    | Identified the +6 quarterstaff "Rimaine" {protect, ^Drain
                  | +Blink Will++ rCorr}
 61185 | Elf:3    | Identified the ring of the Smoking Gods {rC+ rN+ rCorr
                  | Dex+6}
 61314 | Elf:3    | Paralysed by an air elemental for 1 turns
 61850 | Elf:3    | Identified the ring of Doubts {rC- MP+9 Int+4 Stlth+}
 61940 | Elf:3    | Identified the +6 rapier of Yeast {holy, rC+++ Will+ rCorr
                  | Dex-4}
 61940 | Elf:3    | Identified the ring of the Catfish {Fly rF+ Dex+2}
 62072 | Elf:3    | Got Hoiwkimu's Secrets of Indurated Misfortune
 62097 | Elf:3    | Identified the staff of Red Wine {rElec rPois rF++ Str+2
                  | Earth}
 62163 | Elf:3    | Identified the death talisman of Paomp {rF+ rCorr}
 62169 | Elf:3    | Got the Folio of Metal and Substances
 62596 | Depths:1 | Entered Level 1 of the Depths
 62693 | Depths:1 | Noticed Sojobo
 62704 | Depths:1 | Killed Sojobo
 62789 | Depths:1 | Found a blossoming altar of Fedhas.
 62791 | Depths:1 | Found a huge runed translucent gate.
 62792 | Depths:1 | Found a huge runed translucent gate.
 62793 | Depths:1 | Found a huge runed translucent gate.
 62793 | Depths:1 | Found a huge runed translucent gate.
 62794 | Depths:1 | Found a huge runed translucent gate.
 62794 | Depths:1 | Found a huge runed translucent gate.
 62794 | Depths:1 | Found a huge runed translucent gate.
 62794 | Depths:1 | Found a huge runed translucent gate.
 62794 | Depths:1 | Found a huge runed translucent gate.
 62795 | Depths:1 | Found a huge runed translucent gate.
 62796 | Depths:1 | Found a huge runed translucent gate.
 62796 | Depths:1 | Found a huge runed translucent gate.
 62798 | Depths:1 | Found a huge runed translucent gate.
 62799 | Depths:1 | Found a huge runed translucent gate.
 62800 | Depths:1 | Found a huge runed translucent gate.
 62800 | Depths:1 | Found a huge runed translucent gate.
 62804 | Depths:1 | Found a huge runed translucent gate.
 62806 | Depths:1 | Found a huge runed translucent gate.
 62806 | Depths:1 | Found a huge runed translucent gate.
 62806 | Depths:1 | Found a huge runed translucent gate.
 62806 | Depths:1 | Found a huge runed translucent gate.
 62808 | Depths:1 | Found a huge runed translucent gate.
 62809 | Depths:1 | Found a huge runed translucent gate.
 62810 | Depths:1 | Found a huge runed translucent gate.
 62810 | Depths:1 | Found a huge runed translucent gate.
 62815 | Depths:1 | Found a huge runed translucent gate.
 62816 | Depths:1 | Found a huge runed translucent gate.
 62816 | Depths:1 | Found a huge runed translucent gate.
 62816 | Depths:1 | Found a huge runed translucent gate.
 62816 | Depths:1 | Found a huge runed translucent gate.
 62820 | Depths:1 | Found a huge runed translucent gate.
 62822 | Depths:1 | Found a huge runed translucent gate.
 62825 | Depths:1 | Found a huge runed translucent gate.
 62825 | Depths:1 | Found a huge runed translucent gate.
 62826 | Depths:1 | Found a huge runed translucent gate.
 63082 | Depths:1 | Found a gateway to Hell.
 63105 | Depths:1 | Found a huge runed translucent gate.
 63220 | Depths:1 | Got the Spellbook of Frost
 63406 | Depths:1 | Found a shimmering blue altar of Sif Muna.
 63410 | Depths:1 | Got Sif Muna's Anthology of Ceraunoscopy and Adjuration
 63541 | Depths:1 | Reached skill level 10 in Translocations
 63654 | Depths:1 | Identified the +7 spear of Biduteps {flame, rC++ rN++
                  | Int-4}
 63655 | Depths:1 | Identified the +8 glaive of Pride {protect, rC+ Dex+3}
 63717 | Depths:2 | Found a one-way gateway to a ziggurat.
 63771 | Depths:2 | Noticed Asterion
 63900 | Depths:2 | Killed Asterion
 63907 | Depths:2 | Reached XP level 23. HP: 177/178 MP: 32/35
 64184 | Depths:2 | Found a transporter.
 64190 | Depths:2 | Found a viscous altar of Jiyva.
 64191 | Depths:2 | Found a transporter.
 64250 | Depths:2 | Found a one-way gate to the infinite horrors of the Abyss.
 64256 | Depths:2 | Noticed Saint Roka
 64281 | Depths:2 | Killed Saint Roka
 65509 | Depths:3 | Noticed a golden dragon
 65521 | Depths:3 | Killed a golden dragon
 66019 | Depths:3 | Identified the +4 flail of Wu Jian {spect, ^Fragile +Blink
                  | rPois Will+}
 66074 | Depths:3 | Identified the +11 mace "Undertaker" {venom, rPois rF+}
 66163 | Depths:3 | Found a burning altar of Makhleb.
 66271 | Depths:3 | Identified the +6 demon whip "Abriwifa" {elec, rPois rC+}
 66553 | Depths:4 | Entered Level 4 of the Depths
 66621 | Depths:4 | Found an ornate altar of the Wu Jian Council.
 66769 | Depths:4 | Found a gate to the Realm of Zot.
 66851 | Depths:4 | Noticed a juggernaut
 66858 | Depths:4 | Killed a juggernaut
 67141 | Depths:4 | Noticed a golden dragon
 67143 | Depths:4 | Reached XP level 24. HP: 189/189 MP: 19/35
 67895 | Depths:4 | Found the +3 pair of seven-league boots {Rampage+∞}
 68260 | Vaults:5 | Entered Level 5 of the Vaults
 68285 | Vaults:5 | Noticed a dread lich
 68292 | Vaults:5 | Killed a dread lich
 68321 | Vaults:5 | Got a silver rune of Zot
 68364 | Vaults:5 | Reached skill level 15 in Dodging
 68519 | Vaults:5 | Noticed a dread lich
 68525 | Vaults:5 | Killed a dread lich
 68551 | Vaults:5 | Identified the ring of the Inviting Gods {Will+ Dex+2}
 68555 | Vaults:5 | Identified the +0 morningstar "Efoucut" {speed, *Noise rN+
                  | Int+3}
 69024 | Vaults:5 | Reached XP level 25. HP: 195/195 MP: 18/35
 69208 | Vaults:5 | Acquired 825 gold pieces
 69722 | Vaults:5 | Identified the scarf of the Doldrums {+Inv, rElec rN+}
 70389 | Vaults:5 | Identified the +4 leather armour of Grottiness {Rampage
                  | Int+2}
 70928 | Orc:2    | Bought the ring of the Albatross {Fire rN+ Dex+7} for 814
                  | gold pieces
 71138 | Crypt:1  | Entered Level 1 of the Crypt
 72891 | Crypt:3  | Entered Level 3 of the Crypt
 73041 | Crypt:3  | Found a magical portal.
 73075 | Crypt:3  | Reached XP level 26. HP: 203/203 MP: 32/35
 73120 | WizLab   | Entered Iskenderun's Mystic Tower
 74084 | Crypt:3  | Found a staircase to the Tomb.
 74854 | Crypt:3  | Found a basalt altar of Yredelemnul.
 74864 | Crypt:3  | Found an ancient bone altar of Kikubaaqudgha.
 74946 | Crypt:3  | Got the Incunabulum of Misfortune and Toxicity
 74947 | Crypt:3  | Identified the ring "Wuexetse" {*Corrode rF+ Str+6 Slay+2
                  | SInv}
 74950 | Crypt:3  | Identified the +6 battleaxe of Lust {freeze, rCorr}
 75603 | Zot:1    | Entered Level 1 of the Realm of Zot
 75612 | Zot:1    | Gained mutation: Your health recovers twice as slowly from
                  | being drained. [mutagenic glow]
 75619 | Depths:4 | Reached skill level 15 in Shields
 76447 | Zot:2    | Reached XP level 27. HP: 209/209 MP: 35/35
 76831 | Zot:2    | Identified the +5 glaive of Adorig {drain, Will++ rCorr
                  | Str-5 Int+3}
 78686 | Zot:4    | Identified the +3 sling of Wyrd {freeze, rCorr}
 79289 | Zot:4    | Noticed an orb of fire
 79304 | Zot:4    | Gained mutation: You have hidden genetic defects. [an orb
                  | of fire]
 79304 | Zot:4    | Gained mutation: You are frail. (-10% HP) [an orb of fire]
 79305 | Zot:4    | Killed an orb of fire
 79454 | Zot:5    | Entered Level 5 of the Realm of Zot
 79901 | Zot:5    | Gained mutation: You are very frail. (-20% HP) [hidden
                  | defects]
 80324 | Zot:5    | Noticed an orb of fire
 80324 | Zot:5    | Noticed an orb of fire
 80324 | Zot:5    | Noticed a dread lich
 80324 | Zot:5    | Noticed an orb of fire
 80324 | Zot:5    | Noticed an orb of fire
 80324 | Zot:5    | Noticed a dread lich
 80329 | Zot:5    | Killed a dread lich
 80331 | Zot:5    | Gained mutation: You occasionally lose the ability to drink
                  | potions when taking damage. [an orb of fire]
 80332 | Zot:5    | Killed an orb of fire
 80337 | Zot:5    | Noticed an ancient lich
 80510 | Zot:5    | Killed a dread lich
 80582 | Zot:5    | Killed an orb of fire
 80588 | Zot:5    | Gained mutation: You are vulnerable to heat. (rF-) [an orb
                  | of fire]
 80589 | Zot:5    | Killed an orb of fire
 80594 | Zot:5    | Gained mutation: You sometimes lose the ability to drink
                  | potions when taking damage. [hidden defects]
 80594 | Zot:5    | Lost mutation: You have hidden genetic defects. [hidden
                  | defects expressed]
 80638 | Zot:5    | Noticed an orb of fire
 80638 | Zot:5    | Noticed an orb of fire
 80638 | Zot:5    | Noticed an orb of fire
 80642 | Zot:5    | Noticed an orb of fire
 80645 | Zot:5    | Gained mutation: You have hidden genetic defects. [an orb
                  | of fire]
 80646 | Zot:5    | Gained mutation: You are dopey. (Int -2) [an orb of fire]
 80695 | Zot:5    | Gained mutation: You are extremely frail. (-30% HP) [an orb
                  | of fire]
 80699 | Zot:5    | Killed an orb of fire
 80709 | Zot:5    | Gained mutation: You are weak. (Str -2) [an orb of fire]
 80712 | Zot:5    | Killed an orb of fire
 80713 | Zot:5    | Lost mutation: You have hidden genetic defects. [an orb of
                  | fire]
 80715 | Zot:5    | Killed an orb of fire
 80715 | Zot:5    | Gained mutation: You occasionally lose the ability to read
                  | scrolls when taking damage. [an orb of fire]
 80721 | Zot:5    | Killed an orb of fire
 80779 | Zot:5    | Killed an orb of fire
 80992 | Zot:5    | Lost mutation: You are dopey. (Int -2) [potion of mutation]
 80992 | Zot:5    | Lost mutation: You are weak. (Str -2) [potion of mutation]
 80992 | Zot:5    | Lost mutation: You are extremely frail. (-30% HP) [potion
                  | of mutation]
 80992 | Zot:5    | Gained mutation: You are clumsy. (Dex -2) [potion of
                  | mutation]
 80992 | Zot:5    | Gained mutation: Your muscles are strong. (Str +4, Int/Dex
                  | -1) [potion of mutation]
 80993 | Zot:5    | Lost mutation: You sometimes lose the ability to drink
                  | potions when taking damage. [potion of mutation]
 80993 | Zot:5    | Lost mutation: Your health recovers twice as slowly from
                  | being drained. [potion of mutation]
 80993 | Zot:5    | Lost mutation: You are vulnerable to heat. (rF-) [potion of
                  | mutation]
 80993 | Zot:5    | Gained mutation: Your magical capacity is low. (-10% MP)
                  | [potion of mutation]
 80994 | Zot:5    | Lost mutation: Your magical capacity is low. (-10% MP)
                  | [potion of mutation]
 80994 | Zot:5    | Lost mutation: You occasionally lose the ability to read
                  | scrolls when taking damage. [potion of mutation]
 80994 | Zot:5    | Lost mutation: You are very frail. (-20% HP) [potion of
                  | mutation]
 80994 | Zot:5    | Gained mutation: You possess an exceptional clarity of
                  | mind. [potion of mutation]
 80994 | Zot:5    | Gained mutation: You have an increased reservoir of magic.
                  | (+10% MP) [potion of mutation]
 80995 | Zot:5    | Lost mutation: Your body sometimes deteriorates upon taking
                  | damage. [potion of mutation]
 80995 | Zot:5    | Lost mutation: You possess an exceptional clarity of mind.
                  | [potion of mutation]
 80995 | Zot:5    | Gained mutation: You sometimes lose your temper in combat.
                  | [potion of mutation]
 80996 | Zot:5    | Lost mutation: You are clumsy. (Dex -2) [potion of
                  | mutation]
 80996 | Zot:5    | Lost mutation: You occasionally lose the ability to drink
                  | potions when taking damage. [potion of mutation]
 80996 | Zot:5    | Lost mutation: You are frail. (-10% HP) [potion of
                  | mutation]
 80996 | Zot:5    | Gained mutation: You passively map a small area around you.
                  | [potion of mutation]
 80996 | Zot:5    | Gained mutation: You occasionally shout uncontrollably at
                  | your foes. [potion of mutation]
 80996 | Zot:5    | Gained mutation: You are dopey. (Int -2) [potion of
                  | mutation]
 80996 | Zot:5    | Gained mutation: You expend magic power (3 MP) to
                  | strengthen your wands. [potion of mutation]
 80997 | Zot:5    | Lost mutation: You are dopey. (Int -2) [potion of mutation]
 80997 | Zot:5    | Lost mutation: You occasionally shout uncontrollably at
                  | your foes. [potion of mutation]
 80997 | Zot:5    | Lost mutation: You expend magic power (3 MP) to strengthen
                  | your wands. [potion of mutation]
 80997 | Zot:5    | Gained mutation: You are partially covered in iridescent
                  | scales. (AC +2) [potion of mutation]
 80997 | Zot:5    | Gained mutation: Your muscles are very strong. (Str +8,
                  | Int/Dex -2) [potion of mutation]
 81137 | Zot:5    | Killed an ancient lich
 81303 | Pan      | Entered Pandemonium
 81315 | Pan      | Found an exit through the horrors of the Abyss.
 81605 | Pan      | Noticed Zaacoamna the pandemonium lord
 81618 | Pan      | Killed Zaacoamna the pandemonium lord
 81784 | Pan      | Found a runed translucent door.
 81796 | Pan      | Got a demonic rune of Zot
 82100 | Pan      | Noticed Peegic the pandemonium lord
 82140 | Pan      | Killed Peegic the pandemonium lord
 82221 | Pan      | Entered the realm of Mnoleg.
 82733 | Pan      | Noticed Mnoleg
 82762 | Pan      | Killed Mnoleg
 82780 | Pan      | Got a glowing rune of Zot
 82913 | Pan      | Reached skill level 1 in Fire Magic
 83543 | Pan      | Found an exit through the horrors of the Abyss.
 84211 | Pan      | Reached skill level 5 in Fire Magic
 84312 | Pan      | Entered the realm of Gloorx Vloq.
 84354 | Pan      | Reached skill level 10 in Spellcasting
 84365 | Pan      | Noticed Gloorx Vloq
 84377 | Pan      | Killed Gloorx Vloq
 84404 | Pan      | Got a dark rune of Zot
 84587 | Pan      | Noticed Mennas
 84595 | Pan      | Killed Mennas
 84851 | Pan      | Entered the realm of Cerebov.
 84985 | Pan      | Identified the ring of Jibbum {rPois rC+ rN+ Will+}
 85158 | Pan      | Identified the +12 falchion "Beetle's Demise" {spect, MP+9}
 85218 | Pan      | Got Ysamuu Haro's Octavo of Sciomancy and the Map
 85261 | Pan      | Found the +6 sword of Cerebov {flame}
 85261 | Pan      | Noticed Cerebov
 85290 | Pan      | Killed Cerebov
 85318 | Pan      | Identified the ring "Sorr" {rElec rCorr Dex+5}
 85342 | Pan      | Identified the +5 mace "Pepacw" {vamp, rElec}
 85344 | Pan      | Got a fiery rune of Zot
 85453 | Pan      | Entered the realm of Lom Lobon.
 85453 | Pan      | Found an exit through the horrors of the Abyss.
 85946 | Pan      | Noticed Lom Lobon
 85965 | Pan      | Killed Lom Lobon
 85994 | Pan      | Got a magical rune of Zot
 86089 | Pan      | Took an exit into the Abyss.
 86089 | Abyss:1  | Escaped into the Abyss
 86089 | Abyss:1  | Found a corrupted altar of Lugonu.
 86110 | Abyss:1  | Found a corrupted altar of Lugonu.
 86542 | Abyss:1  | Found a corrupted altar of Lugonu.
 86625 | Abyss:1  | Noticed an ancient lich
 86634 | Abyss:1  | Killed an ancient lich
 86811 | Abyss:1  | Noticed an ancient lich
 86823 | Abyss:1  | Killed an ancient lich
 86933 | Abyss:1  | Paralysed by accursed screaming for 1 turns
 87478 | Abyss:2  | Found a corrupted altar of Lugonu.
 87484 | Abyss:2  | Noticed a dread lich
 88121 | Abyss:3  | Noticed a dread lich
 88224 | Abyss:4  | Found a corrupted altar of Lugonu.
 88253 | Abyss:4  | Found a corrupted altar of Lugonu.
 88253 | Abyss:4  | Found a corrupted altar of Lugonu.
 88253 | Abyss:4  | Found a corrupted altar of Lugonu.
 88254 | Abyss:4  | Found a corrupted altar of Lugonu.
 88372 | Abyss:4  | Paralysed by accursed screaming for 1 turns
 88439 | Abyss:4  | Found a corrupted altar of Lugonu.
 88518 | Abyss:4  | Found a corrupted altar of Lugonu.
 88530 | Abyss:4  | Found a corrupted altar of Lugonu.
 88740 | Abyss:4  | Paralysed by accursed screaming for 2 turns
 88763 | Abyss:4  | Paralysed by accursed screaming for 1 turns
 88785 | Abyss:4  | Got an abyssal rune of Zot
 88813 | Depths:3 | Escaped the Abyss
 89187 | Slime:1  | Entered Level 1 of the Pits of Slime
 89216 | Slime:1  | Reached skill level 27 in Fighting
 89216 | Slime:1  | Reached skill level 27 in Unarmed Combat
 89500 | Slime:5  | Entered Level 5 of the Pits of Slime
 89527 | Slime:5  | Found a viscous altar of Jiyva.
 89546 | Slime:5  | Noticed the Royal Jelly
 89554 | Slime:5  | Killed the Royal Jelly
 89685 | Slime:5  | Got Isyp's Almanac of Hypothermia and Bringing Forth
 89694 | Slime:5  | Got a slimy rune of Zot
 89695 | Slime:5  | Identified the +0 mace of the Shallot {chaos, Will- Dex+8}
 89696 | Slime:5  | Got a starry gem with 151 turns to spare
 89703 | Slime:5  | Identified the +8 halberd of Breach {freeze, rCorr Dex+3}
 89711 | Slime:5  | Found the +0 mask of the Dragon {Will+ Slay+3 SInv}
 89754 | Slime:5  | Got the Omnibus of Distorted Arson
 89780 | Slime:5  | Identified the amulet "Zawk" {Acrobat rC+ Will+ Int+4}
 90016 | Lair:4   | Bought a scroll of fog for 84 gold pieces
 90016 | Lair:4   | Bought a scroll of teleportation for 63 gold pieces
 90314 | Hell     | Entered the Vestibule of Hell
 90314 | Hell     | Noticed Geryon
 90325 | Hell     | Killed Geryon
 90403 | Hell     | Found a gateway to the freezing wastes of Cocytus.
 90449 | Hell     | Noticed Murray
 90461 | Hell     | Killed Murray
 90485 | Hell     | Found a gateway to the decaying netherworld of Tartarus.
 90958 | Hell     | Found a gateway to the Iron City of Dis.
 91034 | Hell     | Found a gateway to the ashen valley of Gehenna.
 91190 | Geh:1    | Entered Level 1 of Gehenna
 91299 | Geh:1    | Learned a level 3 spell: Fugue of the Fallen
 91303 | Geh:1    | Learned a level 3 spell: Passwall
 91307 | Geh:1    | Learned a level 3 spell: Swiftness
 91363 | Geh:1    | Reached skill level 1 in Air Magic
 91481 | Geh:2    | Reached skill level 1 in Necromancy
 91481 | Geh:2    | Reached skill level 1 in Earth Magic
 91876 | Geh:3    | Reached skill level 5 in Air Magic
 92205 | Geh:4    | Noticed an ancient lich
 92218 | Geh:4    | Killed an ancient lich
 92776 | Geh:5    | Reached skill level 5 in Necromancy
 92776 | Geh:5    | Reached skill level 5 in Earth Magic
 93301 | Geh:7    | Entered Level 7 of Gehenna
 93491 | Geh:7    | Noticed the Serpent of Hell
 93517 | Geh:7    | Killed the Serpent of Hell
 94257 | Geh:7    | Found the +13 sceptre of Asmodeus
 94257 | Geh:7    | Noticed Asmodeus
 94269 | Geh:7    | Killed Asmodeus
 94281 | Geh:7    | Got an obsidian rune of Zot
 94542 | Tar:1    | Entered Level 1 of Tartarus
 96462 | Tar:7    | Entered Level 7 of Tartarus
 97752 | Tar:7    | Reached skill level 27 in Shields
 97938 | Tar:7    | Identified the ring "Furogg" {*Corrode rC+ Str+5 Int+3}
 98424 | Tar:7    | Noticed Ereshkigal
 98462 | Tar:7    | Killed Ereshkigal
 98499 | Tar:7    | Got a bone rune of Zot
 98764 | Coc:1    | Entered Level 1 of Cocytus
100155 | Coc:4    | Paralysed by a wendigo for 1 turns
100235 | Coc:4    | You are sucked into a shaft and drop 1 floor!
100262 | Coc:5    | Noticed a dread lich
100285 | Coc:5    | Killed a dread lich
100949 | Coc:7    | Entered Level 7 of Cocytus
101438 | Coc:7    | Paralysed by a wendigo for 1 turns
101868 | Coc:7    | Noticed Antaeus
101883 | Coc:7    | Killed Antaeus
101909 | Coc:7    | Got an icy rune of Zot
101993 | Dis:1    | Entered Level 1 of the Iron City of Dis
102050 | Dis:1    | Found a burning altar of Makhleb.
102097 | Dis:1    | Reached skill level 27 in Dodging
102545 | Dis:1    | Reached skill level 10 in Stealth
103212 | Dis:4    | Reached skill level 15 in Stealth
104820 | Dis:7    | Entered Level 7 of the Iron City of Dis
105851 | Dis:7    | Noticed a juggernaut
105855 | Dis:7    | Killed a juggernaut
106017 | Dis:7    | Identified the +8 great mace "Zupapty" {speed, rF++ Will-}
106018 | Dis:7    | Identified the +12 double sword "Transmigrator" {freeze,
                  | rC+}
106034 | Dis:7    | Got the Elucidation of Bombardment
107523 | Dis:7    | Noticed Dispater
107523 | Dis:7    | Noticed a juggernaut
107532 | Dis:7    | Killed a juggernaut
107545 | Dis:7    | Killed Dispater
107598 | Dis:7    | Got an iron rune of Zot
108089 | Tomb:1   | Entered Level 1 of the Tomb of the Ancients
108277 | Tomb:1   | Reached skill level 27 in Stealth
108337 | Tomb:1   | Noticed a royal mummy
108345 | Tomb:1   | Killed a royal mummy
108464 | Tomb:2   | Noticed a royal mummy
108464 | Tomb:2   | Noticed a royal mummy
108466 | Tomb:2   | Noticed a royal mummy
108481 | Tomb:2   | Noticed a royal mummy
108486 | Tomb:2   | Killed a royal mummy
108491 | Tomb:2   | Killed a royal mummy
108496 | Tomb:2   | Killed a royal mummy
108507 | Tomb:2   | Killed a royal mummy
108615 | Tomb:2   | Reached skill level 15 in Translocations
108672 | Tomb:1   | Noticed a royal mummy
108672 | Tomb:1   | Noticed a royal mummy
108678 | Tomb:1   | Killed a royal mummy
108679 | Tomb:1   | Noticed a royal mummy
108682 | Tomb:1   | Killed a royal mummy
108692 | Tomb:1   | Killed a royal mummy
108853 | Tomb:1   | Noticed a royal mummy
108857 | Tomb:1   | Killed a royal mummy
108859 | Tomb:1   | Noticed a royal mummy
108864 | Tomb:1   | Killed a royal mummy
108865 | Tomb:1   | Noticed a royal mummy
108872 | Tomb:1   | Killed a royal mummy
108873 | Tomb:1   | Noticed a royal mummy
108878 | Tomb:1   | Killed a royal mummy
108893 | Tomb:1   | Noticed a royal mummy
108896 | Tomb:1   | Noticed a royal mummy
108898 | Tomb:1   | Noticed a royal mummy
108901 | Tomb:1   | Killed a royal mummy
108902 | Tomb:1   | Noticed a royal mummy
108905 | Tomb:1   | Killed a royal mummy
108913 | Tomb:1   | Killed a royal mummy
108924 | Tomb:1   | Killed a royal mummy
108944 | Tomb:1   | Noticed a royal mummy
108953 | Tomb:1   | Killed a royal mummy
108965 | Tomb:1   | Noticed a royal mummy
108972 | Tomb:1   | Killed a royal mummy
109002 | Tomb:1   | Noticed a royal mummy
109003 | Tomb:1   | Noticed a royal mummy
109004 | Tomb:1   | Noticed a royal mummy
109007 | Tomb:1   | Noticed a royal mummy
109030 | Tomb:1   | Killed a royal mummy
109038 | Tomb:1   | Killed a royal mummy
109046 | Tomb:1   | Killed a royal mummy
109051 | Tomb:1   | Killed a royal mummy
109132 | Tomb:3   | Entered Level 3 of the Tomb of the Ancients
109167 | Tomb:3   | Reached skill level 15 in Spellcasting
109185 | Tomb:3   | Noticed a royal mummy
109185 | Tomb:3   | Noticed a royal mummy
109186 | Tomb:3   | Noticed a royal mummy
109186 | Tomb:3   | Noticed a royal mummy
109187 | Tomb:3   | Noticed a royal mummy
109187 | Tomb:3   | Noticed a royal mummy
109188 | Tomb:3   | Killed a royal mummy
109207 | Tomb:3   | Killed a royal mummy
109221 | Tomb:3   | Killed a royal mummy
109248 | Tomb:3   | Killed a royal mummy
109255 | Tomb:3   | Killed a royal mummy
109256 | Tomb:3   | Noticed a royal mummy
109269 | Tomb:3   | Killed a royal mummy
109270 | Tomb:3   | Noticed a royal mummy
109274 | Tomb:3   | Killed a royal mummy
109284 | Tomb:3   | Killed a royal mummy
109286 | Tomb:3   | Noticed a royal mummy
109333 | Tomb:3   | Killed a royal mummy
109417 | Tomb:3   | Got a golden rune of Zot
109458 | Tomb:3   | Found the +8 pair of quick blades "Gyre" and "Gimble"
                  | {protect}
109539 | Tomb:3   | Got a sanguine gem with 504 turns to spare
110223 | Zot:5    | Got the Orb of Zot
110254 | Zot:5    | Noticed Tipief the pandemonium lord
110845 | D:$      | Escaped with the Orb!

Illustrated notes

Levels and vault maps discovered:
D:1:      nagdon_arrival_zigzag_paths, layout_basic,
          dreamdust_ecumenical_altar_sealed_demon
D:2:      layout_basic, basic_altar, hex_tiny, chequers_avenue,
          minmay_snake_closets
D:3:      layout_loops_corners, kennysheep_generic_room_2
D:4:      layout_loops_ring, serial_forest, infiniplex_forest_lined_4_way,
          infiniplex_forest_end_3, infiniplex_forest_corner_2,
          infiniplex_forest_lined_room_3, infiniplex_forest_lined_1,
          infiniplex_forest_end_2, kennysheep_decorative_pillar,
          kennysheep_big_empty_room, nrook_campfire
D:5:      layout_loops_corners, serial_shops, shop, minmay_fountain_box,
          chequers_serial_rivers_large_a, dk_rats_in_the_wall
D:6:      layout_loops_cross, grunt_temple_overflow_open,
          minmay_temple_entry_overgrown
D:7:      old_forge, layout_loops_corners, serial_bayou_pond_a
D:8:      layout_basic
D:9:      layout_loops_cross, lair_entry_dummy, minmay_ruined_shrine
D:10:     layout_irregular_city, hiddenorc1_lemuel
D:11:     layout_basic, st_stairs_6, kennysheep_generic_room_4
D:12:     minmay_the_grid_octo_2x2 [minmay_the_grid_octo_clover,
          minmay_the_grid_octo_tetromino_candy, minmay_the_grid_octo_empty,
          minmay_the_grid_octo_prize_big_c], layout_basic, serial_shops,
          nicolae_shop_rolled_up, serial_bayou_pond_d
D:13:     minmay_roctagon, layout_gridville, ximxim_vaults_locker_room
D:14:     layout_loops_ring, corner_web_ring, nicolae_eternal_life
D:15:     hangedman_depths_entry_try_elsewhere_first, layout_long_grid
Temple:   nicolae_temple_bog_church
Lair:1:   layout_cave_pods, gammafunk_ghost_cemetery, lemuel_fruit_tree,
          infiniplex_staircase_pool, uniq_erica
Lair:2:   layout_big_grid, minmay_snake_entry_six_corridors,
          grunt_forest_large_clearings
Lair:3:   beast_lair_carwin_large_2, layout_cave_shapes,
          skrybe_swamp_entry_bodies
Lair:4:   layout_hall_layers, slime_entry_1, grunt_megastairs_3,
          infiniplex_staircase_pool_2
Lair:5:   minmay_lair_end_enchanted_forest, layout_gridlike,
          portal_ice_cave_entry_pillars_1, lightli_volcano_entry_magma_tube,
          grunt_megastairs_2
Swamp:1:  layout_falls_marsh, hangedman_swamp_ruin_hall, uniq_mlioglotl
Swamp:2:  layout_basic_swamp, evilmike_swamp_ruin_wall, swamp_pool_5
Swamp:3:  layout_basic_swamp, evilmike_swamp_ruin_house_1, swamp_pool_1_2,
          uniq_bai_suzhen
Swamp:4:  nzn_swamp_witches_coven, layout_basic_swamp, swamp_pool_1_2
Snake:1:  layout_cave_pods
Snake:2:  layout_gridlike, drop_trap, minmay_shoptagon, grunt_megastairs_1,
          uniq_aizul
Snake:3:  layout_layer_cave, serial_shops, shop_statue, shop, shop,
          minmay_shop_grove
Snake:4:  minmay_snake_end_coiled, layout_cave_town
Slime:1:  cheibrodos_slime_lost_civilization_8, layout_caves
Slime:2:  layout_caves
Slime:3:  layout_caves
Slime:4:  layout_caves
Slime:5:  slime_pit_nicolae_amoeboid
Orc:1:    layout_caves, uniq_nergalle
Orc:2:    pf_orc_diabolical, layout_caves, serial_shops,
          nicolae_shop_gaudy_bauble, nicolae_orc_damp_corner,
          lightli_church_of_beogh, uniq_maurice, uniq_josephine
Elf:1:    eino_elf_arrival_sip, layout_geoelf_grid, serial_shops, shop,
          nicolae_elf_crossing_hall, uniq_jorgrun
Elf:2:    nicolae_elf_blades_crystal_corner, layout_rooms
Elf:3:    minmay_elf_hall_hex, layout_gridlike
Vaults:1: vaults_room_corners, nicolae_vaults_halls_meeting,
          nicolae_vaults_diamond_1, v_misc_5, nicolae_vaults_yaktaur_gun_rack,
          vaults_mumra_hex, ontoclasm_vaults_shuriken,
          nicolae_vaults_more_shelving_1, vaults_dpeg_ring,
          nicolae_vaults_closet_pinwheel_3, layout_vaults_maze_snakey,
          uniq_norris
Vaults:2: st_quartered_hall, v_pattern_4, vaults_room_pool,
          nicolae_vaults_spaceships, v_alt_pattern_1, vaults_mumra_lcd,
          nicolae_vaults_hallways_thing, nicolae_vaults_mitosis, v_misc_28,
          nicolae_vaults_heist, nicolae_vaults_house_2,
          nicolae_vaults_network_square, nicolae_vaults_trapezoid_2,
          layout_vaults_omnicross, dummy_crypt_entry
Vaults:3: nicolae_vaults_network_quincunx
          [nicolae_vaults_network_quincunx_subvault,
          nicolae_vaults_network_quincunx_subvault,
          nicolae_vaults_network_quincunx_subvault,
          nicolae_vaults_network_quincunx_subvault,
          nicolae_vaults_network_quincunx_subvault],
          nicolae_vaults_network_star, nicolae_vaults_doubleplus_tesselated,
          v_rooms_1, nicolae_vaults_weapon_check, hangedman_vaults_nails,
          layout_vaults_omnigrid
Vaults:4: nicolae_vaults_network_periphery, vaults_dpeg_hooks,
          nicolae_vaults_more_shelving_2,
          nicolae_vaults_windows_and_doors_thing, nicolae_vaults_two_Ls,
          nicolae_vaults_double_plus_3, hangedman_vaults_locks,
          nicolae_vaults_antechamber_and_loot_room, ontoclasm_vaults_ring_large,
          nicolae_vaults_taking_the_gang_shopping,
          nicolae_vaults_mini_display_case, nicolae_vaults_double_plus_2,
          layout_vaults_omnibox, uniq_frederick, uniq_zenata, uniq_jory,
          uniq_xtahua
Vaults:5
Crypt:1:  layout_misc_corridors, nicolae_crypt_grand_chamber,
          grunt_crypt_arrival_guarded_gate
Crypt:2:  layout_misc_corridors
Crypt:3:  lightli_unholy_cathedral, layout_chaotic_city,
          tomb_entry_simple_bobbens, lightli_enter_wizlab_magi_temple,
          minmay_misc_feat_cross, grunt_megastairs_4
Tomb:1
Tomb:2
Tomb:3
Depths:1: layout_small_grid, fedhas_altar_2, hangedman_geh_valley,
          serial_library_hellmonk_narrow_alcove, minmay_misc_feat_square,
          kennysheep_pointless_box, door_vault, serial_bayou_shore_b,
          uniq_sojobo
Depths:2: gammafunk_jiyva_shrine, layout_cross, enter_ziggurat_b,
          rand_demon_pan_entry_7, hell_entry, abyss_entry_crystal,
          serial_library_regret_index_split_case, uniq_saint_roka, uniq_asterion
Depths:3: evilmike_makhleb_hellhole, layout_honeycomb,
          nicolae_hell_entry_hellmouth_sunbeams, pan_entry,
          minmay_misc_feat_doors, hangedman_abyss_entry_splay
Depths:4: grunt_zot_entry_pinwheel, layout_gridlike, minmay_room_of_horrors,
          grunt_hell_entry_dis_grunt, nzn_wu_jian_council_hall,
          hellmonk_guarded_unrand_seven_league_boots
Hell
Dis:1:    kennysheep_iron_temple, layout_overlapping_boxes
Dis:2:    layout_overlapping_boxes
Dis:3:    layout_subdivisions, minmay_strange_pillars
Dis:4:    layout_subdivisions, nicolae_dis_metal_dragon_surprise
Dis:5:    lightli_tower_of_babel
Dis:6:    tekkud_dis_hexagon_chokepoint, layout_gridville,
          nicolae_dis_spooky_hallway
Dis:7:    dis_st
Geh:1:    layout_gehenna_lava_caves
Geh:2:    layout_gehenna_lava_caves
Geh:3:    layout_gehenna_pools_triple
Geh:4:    layout_gehenna_pools_box, lemuel_flamethrower_2
Geh:5:    layout_gehenna_lava_caves
Geh:6:    layout_gehenna_pools_basic
Geh:7:    geh_grunt_pentagon
Coc:1:    layout_cocytus_water_paths, nicolae_hells_hurtin_island
Coc:2:    layout_ice_bergs
Coc:3:    layout_cocytus_water_paths
Coc:4:    layout_cocytus_delve
Coc:5:    nicolae_coc_naught_crossing, layout_cocytus_delve
Coc:6:    nicolae_coc_on_the_berg
Coc:7:    coc_dpeg
Tar:1:    layout_catacombs, nicolae_tar_combbox
Tar:2:    layout_cathedral_of_symmetry, nicolae_tar_cuneiform_water
Tar:3:    layout_cathedral_of_symmetry, nicolae_tar_four_comb_rooms
Tar:4:    layout_grid_maze
Tar:5:    layout_catacombs, nicolae_hells_seeping_fissure
Tar:6:    layout_catacombs, nicolae_tar_grid_combs
Tar:7:    tar_mu [tar_mu_maze]
Zot:1:    layout_misc_corridors
Zot:2:    layout_cathedral_of_symmetry
Zot:3:    layout_cathedral_of_symmetry
Zot:4:    grunt_zot_stairs_mandelzot, layout_misc_corridors,
          regret_index_zotdec_twisting_globes
Zot:5:    layout_gridlike, skrybe_zot_glass_2

Skill      XL: |  1  2  3  4  5  6  7  8  9 10 11 12 13 14 15 16 17 18 19 20 21 22 23 24 25 26 27 |
---------------+----------------------------------------------------------------------------------+-----
Unarmed Combat | 3 4 5 6 8 10 13 14 16 17 18 20 21 22 27 | 27.0
Fighting       | 4 5 7 10 12 14 16 18 20 21 22 27 | 27.0
Dodging        | 6 8 10 11 12 13 17 19 20 27 | 27.0
Shields        | 6 8 10 11 12 13 15 27 | 27.0
Stealth        | 3 8 27 | 27.0
Evocations     | 2 8 |  8.0
Shapeshifting  | 10 14 15 18 19 20 22 23 | 23.0
Translocations | 5 10 18 | 18.9
Spellcasting   | 4 8 16 | 16.9
Fire Magic     | 5 |  5.4
Air Magic      | 7 |  7.0
Necromancy     | 8 |  8.0
Earth Magic    | 6 |  6.0

Action                     |  1- 3 |  4- 6 |  7- 9 | 10-12 | 13-15 | 16-18 | 19-21 | 22-24 | 25-27 || total
---------------------------+-------+-------+-------+-------+-------+-------+-------+-------+-------++-------
  Melee: Unarmed           |    73 |   107 |   228 |   518 |   985 |   996 |   751 |   922 |  6258 || 10838
         Tentacles         |    10 |    19 |    45 |   120 |   276 |   260 |   184 |   143 |  1230 ||  2287
         Constrict         |    21 |    22 |    38 |    69 |   144 |    94 |   111 |    78 |   537 ||  1114
         Punch             |     4 |     7 |     9 |    51 |   145 |   138 |   122 |    96 |   988 ||  1560
  Throw: Dart              |       |     1 |     3 |    80 |    78 |     5 |       |       |       ||   167
         Boomerang         |       |    12 |    63 |    50 |   100 |   181 |    14 |    12 |       ||   432
         Javelin           |       |       |     4 |     9 |     1 |     3 |       |       |       ||    17
   Cast: Manifold Assault  |       |       |       |       |       |       |       |   338 |  1540 ||  1878
         Fugue of the Fall |       |       |       |       |       |       |       |       |     2 ||     2
 Invoke: Call Merchant     |       |       |       |     1 |       |       |       |       |     3 ||     4
         Potion Petition   |       |       |       |       |     2 |     1 |       |       |    58 ||    61
  Evoke: Wand              |       |       |       |     4 |    11 |    12 |     2 |     2 |     5 ||    36
    Use: Scroll            |       |     5 |    12 |     6 |    15 |     5 |     3 |     3 |    27 ||    76
         Potion            |       |       |     1 |     6 |     7 |     4 |     1 |     2 |     6 ||    27
   Stab: Sleeping          |     3 |     6 |     3 |     3 |     4 |    20 |    18 |     8 |    58 ||   123
         Held in net/web   |       |       |     2 |       |       |       |       |       |       ||     2
         Invisible         |       |       |       |       |     3 |       |     2 |       |    24 ||    29
         Distracted        |       |       |       |       |     2 |     8 |    10 |     4 |    86 ||   110
 Armour: Skin              |    24 |    34 |   122 |   284 |   486 |   368 |   540 |   287 |   938 ||  3083
  Dodge: Dodged            |    42 |    43 |   111 |   222 |   483 |   482 |   613 |   512 |  1769 ||  4277
  Block: Buckler           |    12 |    12 |    52 |    92 |   216 |   568 |   428 |   324 |    38 ||  1742
         Reflection        |       |       |       |       |       |    78 |    17 |       |   116 ||   211
         Tower shield      |       |       |       |       |       |       |       |       |  4390 ||  4390
   Form: Statue            |       |       |       |       |       |     2 |       |     1 |       ||     3
                           |       |       |       |       |       |     1 |       |       |       ||     1
         Death             |       |       |       |       |       |       |       |     1 |     1 ||     2

Table legend: (Time is in decaauts)
 A = Elapsed time spent in this place.
 B = Non-inter-level travel time spent in this place.
 C = Inter-level travel time spent in this place.
 D = Time resting spent in this place.
 E = Time spent auto-exploring this place.
 F = Levels seen in this place.
 G = Mean time per level.
                   A        B        C        D        E       F      G
               +--------+--------+--------+--------+--------+-----+--------+
         Total | 126940 | 113935 |  13005 |  17733 |  68111 | 101 | 1256.8 |
       Dungeon |  25891 |  21539 |   4352 |   4038 |  13832 |  15 | 1726.1 |
        Temple |     18 |      2 |     16 |      0 |      0 |   1 |   18.0 |
          Lair |  11388 |  10215 |   1173 |   2467 |   5895 |   5 | 2277.6 |
         Swamp |   5374 |   5163 |    211 |   1502 |   2558 |   4 | 1343.5 |
     Snake Pit |   7943 |   7248 |    695 |   2260 |   3428 |   4 | 1985.8 |
    Slime Pits |    674 |    585 |     89 |     54 |     69 |   5 |  134.8 |
  Orcish Mines |   4247 |   3134 |   1113 |    897 |   1223 |   2 | 2123.5 |
   Elven Halls |   6747 |   6222 |    525 |    875 |   3755 |   3 | 2249.0 |
        Vaults |  14381 |  12903 |   1478 |    922 |   9224 |   5 | 2876.2 |
         Crypt |   5194 |   4598 |    596 |    183 |   3171 |   3 | 1731.3 |
          Tomb |   1441 |   1275 |    166 |     98 |      0 |   3 |  480.3 |
        Depths |   9235 |   8089 |   1146 |    203 |   6499 |   4 | 2308.8 |
          Hell |    996 |    809 |    187 |      0 |    460 |   1 |  996.0 |
           Dis |   5400 |   5247 |    153 |   1326 |   2526 |   7 |  771.4 |
       Gehenna |   3300 |   3039 |    261 |    653 |   1434 |   7 |  471.4 |
       Cocytus |   3086 |   2997 |     89 |    749 |   1447 |   7 |  440.9 |
      Tartarus |   4260 |   4045 |    215 |      8 |   3223 |   7 |  608.6 |
           Zot |   8777 |   8244 |    533 |    679 |   5604 |   5 | 1755.4 |
         Abyss |   2553 |   2553 |      0 |    138 |    968 |   4 |  638.2 |
   Pandemonium |   4614 |   4614 |      0 |    568 |   1873 |   8 |  576.8 |
        Wizlab |   1411 |   1411 |      0 |    109 |    916 |   1 | 1411.0 |
               +--------+--------+--------+--------+--------+-----+--------+

Top non-repeatable levels by time:
Vaults:5: 3542 daAuts
Depths:3: 3248 daAuts
  Lair:4: 3194 daAuts
Vaults:3: 3162 daAuts
   Orc:2: 3130 daAuts
    D:10: 2994 daAuts
Vaults:2: 2947 daAuts
   Dis:7: 2848 daAuts
    D:12: 2718 daAuts
   Zot:5: 2605 daAuts
 Snake:3: 2569 daAuts
Vaults:1: 2562 daAuts
  Lair:1: 2471 daAuts
 Swamp:4: 2453 daAuts
Depths:4: 2413 daAuts
